 Dungeon Crawl Stone Soup version bcrawl-1.28.1b (webtiles) character file.

Game seed: 1097847891387327362

345316 Mehrunes the Carver (level 11, -5/72 HPs)
             Began as a Skeleton Necromancer on Dec 31, 2020.
             Was a Priest of Kikubaaqudgha.
             Slain by a catoblepas (6 damage)
             ... while petrified by you
             ... on level 4 of the Lair of Beasts.
             The game lasted 00:41:46 (12137 turns).

Mehrunes the Carver (Skeleton Necromancer)         Turns: 12137, Time: 00:41:47

Health: -5/72      AC: 20    Str: 25 (26) XL:     11   Next: 67%
Magic:  0/15       EV:  2    Int: 14      God:    Kikubaaqudgha [***...]
Gold:   734        SH:  0    Dex:  8 (9)  Spells: 5/16 levels left

rFire    . . .     SeeInvis .   u - +4 scimitar (protect)
rCold    + + .     Gourm    .   (no shield)
rNeg     + + +     Faith    +   q - +0 plate armour
rPois    ∞         Spirit   +   f - +0 helmet
rElec    +         Reflect  .   s - +1 cloak
rCorr    .         Harm     .   C - +0 pair of gloves
MR       +....                  (no boots)
Stlth    ..........             z - amulet of faith
HPRegen  0.22/turn              o - ring of Summertime {rElec rC+}
MPRegen  0.14/turn              p - +8 ring of strength

@: petrified
A: no food or potions, cold resistance 1, deterioration 1, negative energy
resistance 3, powered by death 1, torment resistance, unbreathing, magic shield,
sturdy frame 2, spell healing
a: Receive Corpses, Renounce Religion


You were on level 4 of the Lair of Beasts.
You worshipped Kikubaaqudgha.
Kikubaaqudgha was most pleased with you.
You were not hungry.

You visited 2 branches of the dungeon, and saw 11 of its levels.

You collected 734 gold pieces.

Inventory:

Hand Weapons
 a - a +1 dagger
 k - a +1 long sword
 u - a +4 scimitar of protection (weapon)
Armour
 f - a +0 helmet (worn)
 q - a +0 plate armour (worn)
 s - a +1 cloak (worn)
 C - a +0 pair of gloves (worn)
 D - the +1 scale mail "Xitugu" {Regen+ Str+6}
   (You found it on level 2 of the Lair of Beasts)

   It affects your strength (+6).
   It increases your rate of regeneration.
Jewellery
 d - a +6 ring of dexterity
 i - an uncursed amulet of the acrobat
 o - the ring of Summertime (left hand) {rElec rC+}
   (You found it on level 4 of the Dungeon)

   [ring of protection from cold]

   It protects you from cold.
   It insulates you from electricity.
 p - a +8 ring of strength (right hand)
 w - an uncursed ring of fire
 y - an uncursed ring of insulation
 z - an amulet of faith (around neck)
Wands
 t - a wand of disintegration (6)
 A - a wand of scattershot (5)
 E - a wand of acid (8)
Scrolls
 b - a scroll of vulnerability {unknown}
 c - 2 scrolls of immolation
 e - 3 scrolls of enchant weapon
 g - 7 scrolls of amnesia
 h - 3 scrolls of fear
 j - 6 scrolls of identify
 l - 6 scrolls of remove curse
 n - 4 scrolls of teleportation
 r - a scroll of fog
 v - a scroll of torment
 B - a scroll of noise
Miscellaneous
 m - a lamp of fire


   Skills:
 + Level 9.9 Fighting
 - Level 14.0 Long Blades
 - Level 11.0 Armour
 - Level 2.0 Dodging
 - Level 2.4 Stealth
 - Level 3.0 Spellcasting
 + Level 5.1 Necromancy


You had 5 spell levels left.
You knew the following spells:

 Your Spells              Type           Power        Failure   Level  Hunger
a - Animate Skeleton      Necr           N/A          11%         1    N/A
b - Pain                  Necr           ###...       11%         1    N/A
c - Vampiric Draining     Necr           ###.......   30%         3    N/A
d - Corpse Rot            Necr           N/A          16%         2    N/A
e - Animate Dead          Necr           N/A          71%         4    N/A

Your spell library contained the following spells:

 Spells                   Type           Power        Failure   Level  Hunger
 Corona                   Hex            #......      63%         1    N/A
 Magic Dart               Conj           #...         63%         1    N/A
 Ensorcelled Hibernation  Hex/Ice        #.....       77%         2    N/A
 Poisonous Vapours        Pois/Air       #.....       77%         2    N/A
 Searing Ray              Conj           #.......     77%         2    N/A
 Confuse                  Hex            #.......     94%         3    N/A
 Conjure Flame            Conj/Fire      #.......     94%         3    N/A
 Dazzling Orbs            Conj/Hex       #......      94%         3    N/A
 Iskenderun's Mystic Bla  Conj           #.......     94%         3    N/A
 Mephitic Cloud           Conj/Pois/Air  #.......     94%         3    N/A
 Tukima's Dance           Hex            #.......     94%         3    N/A
 Agony                    Necr           ###.....     96%         5    N/A
 Fulminant Prism          Conj/Hex       #.........   100%        4    N/A
 Bolt of Draining         Conj/Necr      #.........   100%        5    N/A
 Irradiate                Conj/Tmut      #.........   100%        5    N/A
 Borgnjor's Vile Clutch   Necr/Erth      #.........   100%        6    N/A
 Death Channel            Chrm/Necr      #.........   100%        6    N/A
 Freezing Cloud           Ice/Air        #.........   100%        6    N/A
 Simulacrum               Ice/Necr       #.........   100%        6    N/A
 Steam Barrier            Chrm/Fire      #.........   100%        6    N/A
 Regeneration             Chrm/Necr      Unusable     N/A         3    N/A

Dungeon Overview and Level Annotations

Branches:
Dungeon (7/12)             Temple (0/1) D:5            Lair (4/6) D:7
  Swamp: Lair:2-4    Shoals: Lair:2-4     Snake: Lair:2-4    Spider: Lair:2-4

Altars:
Dithmenos
Hepliaklqana
Kikubaaqudgha
Ru
Uskayaw
Xom
Yredelemnul

Shops:
D:4 ?   D:6 ?

Annotations:
D:6 2 transporters
D:7 Gastronok
Lair:4 2 runed translucent doors, exclusion: 2 oklob plants, LostNumber's ghost, journeyman MiFi


Innate Abilities, Weirdness & Mutations

You do not eat or drink.
You are immune to poison.
Your flesh is cold resistant. (rC+)
Your body sometimes deteriorates upon taking damage.
You are immune to negative energy. (rN+++)
You regenerate a little health from kills.
You are immune to unholy pain and torment.
You can survive without breathing.
When hurt, damage is shared between your health and your magic reserves.
Your movements are less encumbered by armour. (ER -4)
Casting spells heals you.


Message History

The catoblepas gores you!
* * * LOW HITPOINT WARNING * * *
The manticore is engulfed in calcifying dust.
The catoblepas breathes a plume of calcifying dust at you.
The blast of calcifying dust hits you but does no damage.
The manticore is engulfed in calcifying dust.
The catoblepas breathes a plume of calcifying dust at you.
The blast of calcifying dust hits the manticore.
The blast of calcifying dust hits the catoblepas.
The blast of calcifying dust hits you but does no damage.
You are engulfed in calcifying dust.
The catoblepas gores you!!
* * * LOW HITPOINT WARNING * * *
You are engulfed in calcifying dust.
The catoblepas gores you!
* * * LOW HITPOINT WARNING * * *
You are engulfed in calcifying dust.
The catoblepas gores you!
* * * LOW HITPOINT WARNING * * *
You are engulfed in calcifying dust.
The manticore is no longer petrified.
The catoblepas gores you!
You die...
Kikubaaqudgha rasps: "You have failed me!
Welcome... oblivion!"

.................................
...............................P.
...............................#.
...................P...(.........
.................................
..........................#......
........P................###...##
........P......P..........###....
........#.#####†@.#####.P...###..
#.........#Y..##Y##..Y#..#..#.#.#
..........#.$≈≈#H#≈≈!.#.#.......#
......#...#.≈..≈Y≈..≈.#.#......##
########.###≈..$?...≈###..##..##
##..# #....##≈.≈≈≈.≈##...## #.%#
#W≈#≈##.....#..≈<≈..#...## ###
#(8..##..#.##≈.≈≈≈.≈##.##
+≈..=.###.##≈.......≈###


You could see 2 catoblepae and a manticore.

Vanquished Creatures
  2 hydras (Lair:3)
  2 manticores (Lair:4)
  2 black mambas
  A torpor snail (Lair:3)
  A water nymph (Lair:2)
  2 cane toads (Lair:3)
  A komodo dragon (Lair:4)
  2 trolls
  3 blink frogs (Lair:3)
  A dream sheep (Lair:3)
  5 hippogriffs
  4 fire bats
  A water elemental (Lair:2)
  11 yaks
  A crocodile (Lair:3)
  3 water moccasins
  5 porcupines
  2 ice beasts (D:7)
  3 sky beasts
  3 phantoms (D:5)
  6 ogres
  4 wolves (Lair:3)
  A centaur (D:6)
  4 bullfrogs
  A big kobold (D:6)
  A scorpion (D:5)
  4 killer bees (D:7)
  An electric eel (Lair:3)
  4 wights (D:6)
  2 howler monkeys
  A jelly (D:6)
  4 crimson imps
  2 bullfrog zombies
  A hound (D:4)
  Crazy Yiuf (D:5)
  A gnoll shaman (D:3)
  2 orc priests
  5 orc wizards
  3 iguanas
  6 worker ants
  A killer bee zombie (D:6)
  7 gnolls
  A howler monkey skeleton (D:7)
  6 adders
  An adder zombie (D:7)
  6 worms
  A dart slug (D:3)
  7 leopard geckos
  19 orcs
  5 goblins
  6 hobgoblins
  7 jackals
  9 kobolds
  3 quokkas
  3 ball pythons
  5 bats
  4 frilled lizards
  6 rats
206 creatures vanquished.

Vanquished Creatures (collateral kills)
  An orc wizard (D:6)
1 creature vanquished.

Vanquished Creatures (others)
  3 plants
3 creatures vanquished.

Grand Total: 210 creatures vanquished

Notes
Turn   | Place    | Note
-------+----------+-------------------------------------------
     0 | D:1      | Mehrunes the Skeleton Necromancer began the quest for the
                  | Orb.
     0 | D:1      | Reached XP level 1. HP: 10/10 MP: 4/4
   123 | D:1      | Reached skill level 1 in Fighting
   178 | D:1      | Reached XP level 2. HP: 16/16 MP: 4/6
   799 | D:2      | Found an ancient bone altar of Kikubaaqudgha.
   802 | D:2      | Became a worshipper of Kikubaaqudgha
  1010 | D:2      | Reached skill level 5 in Necromancy
  1010 | D:2      | Reached XP level 3. HP: 21/21 MP: 5/7
  1579 | D:2      | Found a shimmering altar of Xom.
  1962 | D:2      | Learned a level 3 spell: Vampiric Draining
  2102 | D:3      | Reached skill level 1 in Long Blades
  2181 | D:3      | Reached skill level 2 in Long Blades
  2181 | D:3      | Reached XP level 4. HP: 11/27 MP: 0/8
  2374 | D:3      | Reached * piety under Kikubaaqudgha
  2374 | D:3      | Identified Kikubaaqudgha's Incunabulum of Sinister Secrets
                  | (Kikubaaqudgha gifted it to you on level 3 of the Dungeon)
  2374 | D:3      | Received a gift from Kikubaaqudgha
  2379 | D:3      | Learned a level 2 spell: Corpse Rot
  2432 | D:3      | Found a shadowy altar of Dithmenos.
  2482 | D:3      | Reached skill level 3 in Long Blades
  2627 | D:3      | Reached XP level 5. HP: 32/32 MP: 9/9
  3194 | D:4      | Reached skill level 4 in Long Blades
  3308 | D:4      | Noticed an ogre
  3357 | D:4      | Found Lucs's Magic Scroll Shop.
  3482 | D:4      | Noticed an ogre
  3512 | D:4      | Killed an ogre
  3513 | D:4      | Gained mutation: You regenerate a little health from kills.
                  | [Skeleton growth]
  3513 | D:4      | Reached XP level 6. HP: 32/37 MP: 1/10
  3595 | D:4      | Reached skill level 5 in Long Blades
  3795 | D:4      | Noticed a hippogriff
  3850 | D:4      | Found a sacrificial altar of Ru.
  3919 | D:4      | Killed a hippogriff
  3920 | D:4      | Reached skill level 6 in Long Blades
  3920 | D:4      | Reached XP level 7. HP: 32/44 MP: 5/11
  4111 | D:4      | Reached skill level 7 in Long Blades
  4118 | D:4      | Got a smoking lapis lazuli ring
  4119 | D:4      | Identified the ring of Summertime {rElec rC+} (You found it
                  | on level 4 of the Dungeon)
  4489 | D:5      | Entered Level 5 of the Dungeon
  4575 | D:5      | Found a staircase to the Ecumenical Temple.
  4653 | D:5      | Reached skill level 5 in Fighting
  4718 | D:5      | Reached skill level 8 in Long Blades
  4853 | D:5      | Reached XP level 8. HP: 32/49 MP: 12/12
  5223 | D:5      | Reached skill level 1 in Armour
  5286 | D:5      | Found a runed door.
  5316 | D:5      | Reached skill level 9 in Long Blades
  5569 | D:5      | Noticed Crazy Yiuf
  5575 | D:5      | Killed Crazy Yiuf
  5705 | D:6      | Found a shimmering altar of Xom.
  5743 | D:6      | Found Zuigaf's Magic Scroll Shop.
  5746 | D:6      | Found a transporter.
  5881 | D:6      | Reached ** piety under Kikubaaqudgha
  5926 | D:6      | Found a transporter.
  6003 | D:6      | Reached skill level 10 in Long Blades
  6347 | D:6      | Noticed a hippogriff
  6351 | D:6      | Killed a hippogriff
  6352 | D:6      | Reached XP level 9. HP: 54/54 MP: 9/13
  6575 | D:6      | Reached skill level 11 in Long Blades
  6802 | D:6      | Noticed a troll
  6814 | D:6      | Killed a troll
  6815 | D:6      | Reached skill level 5 in Armour
  7147 | D:6      | Reached skill level 12 in Long Blades
  7254 | D:7      | Found a staircase to the Lair.
  7510 | D:7      | Found a basalt altar of Yredelemnul.
  7521 | D:7      | Noticed a troll
  7535 | D:7      | Killed a troll
  7742 | D:7      | Found a hide-covered altar of Uskayaw.
  7742 | D:7      | Found a hazy altar of Hepliaklqana.
  7991 | D:7      | Reached skill level 13 in Long Blades
  8315 | Lair:1   | Entered Level 1 of the Lair of Beasts
  8351 | Lair:1   | Noticed Gastronok
  9025 | Lair:2   | Gained mutation: Your movements are less encumbered by
                  | armour. (ER -4) [Skeleton growth]
  9025 | Lair:2   | Reached XP level 10. HP: 42/59 MP: 9/14
  9072 | Lair:2   | Got a distressingly furry scale mail
  9104 | Lair:2   | Noticed a water nymph
  9126 | Lair:2   | Killed a water nymph
  9440 | Lair:2   | Reached skill level 14 in Long Blades
  9509 | Lair:2   | Noticed a molten gargoyle
  9622 | Lair:3   | Noticed a cane toad
  9636 | Lair:3   | Killed a cane toad
  9787 | Lair:3   | Noticed a seven-headed hydra
  9808 | Lair:3   | Killed a nine-headed hydra
 10004 | Lair:3   | Noticed a cane toad
 10014 | Lair:3   | Killed a cane toad
 10028 | Lair:3   | Reached XP level 11. HP: 27/67 MP: 6/15
 10190 | Lair:3   | Noticed a five-headed hydra
 10229 | Lair:3   | Killed a nine-headed hydra
 10230 | Lair:3   | Reached skill level 10 in Armour
 10774 | Lair:3   | Identified the cursed +1 scale mail "Xitugu" {Regen+ Str+6}
                  | (You found it on level 2 of the Lair of Beasts)
 10825 | Lair:4   | Noticed a catoblepas
 10825 | Lair:4   | Noticed a catoblepas
 10884 | Lair:3   | Learned a level 4 spell: Animate Dead
 11137 | Lair:4   | Found a large runed translucent door.
 11137 | Lair:4   | Found a large runed translucent door.
 11138 | Lair:4   | Noticed LostNumber's ghost (journeyman MiFi)
 11418 | Lair:4   | Reached *** piety under Kikubaaqudgha
 11418 | Lair:4   | Identified Kikubaaqudgha's Almanac of Black Arts
                  | (Kikubaaqudgha gifted it to you on level 4 of the Lair of
                  | Beasts)
 11418 | Lair:4   | Received a gift from Kikubaaqudgha
 11944 | Lair:4   | Noticed an oklob plant
 11944 | Lair:4   | Noticed an oklob plant
 12136 | Lair:4   | HP: 1/72 [catoblepas (6)]
 12137 | Lair:4   | Slain by a catoblepas

Skill      XL: |  1  2  3  4  5  6  7  8  9 10 11 |
---------------+----------------------------------+-----
Fighting       | 1 2 3 4 5 7 9 |  9.9
Necromancy     | 5 |  5.1
Long Blades    | 2 3 4 6 8 10 13 14 | 14.0
Armour         | 4 6 9 11 | 11.0
Dodging        | |  2.0
Stealth        | |  2.4
Spellcasting   | |  3.0

Action                   |  1- 3 |  4- 6 |  7- 9 | 10-12 || total
-------------------------+-------+-------+-------+-------++-------
Melee: Dagger            |    30 |       |       |       ||    30
       Long sword        |     9 |   135 |   215 |       ||   359
       Scimitar          |       |       |   177 |   243 ||   420
 Cast: Pain              |    86 |    42 |       |       ||   128
       Corpse Rot        |       |     2 |     3 |     4 ||     9
       Animate Skeleton  |       |       |     1 |       ||     1
       Vampiric Draining |       |       |       |     2 ||     2
Invok: Receive Corpses   |       |     1 |     5 |     4 ||    10
Evoke: Wand              |       |       |       |     3 ||     3
  Use: Scroll            |     1 |     3 |       |     9 ||    13
Armor: Scale mail        |    11 |    16 |       |       ||    27
       Chain mail        |       |    51 |    37 |       ||    88
       Plate armour      |       |       |   133 |   184 ||   317
Dodge: Dodged            |    11 |    85 |   204 |   206 ||   506
Block: Other             |       |     2 |    14 |    29 ||    45
